AoeStats
← Alan

Glade

510499634Analyzed
1v1 RM · 17h ago on Oct 1, 2026· 23m 31s· 2 players
Game mode
Random Map
Map size
Tiny (2 player)
Population
200
Speed
Normal
Resources
Standard
Victory
Conquest
Starting age
Dark Age
Ending age
Imperial Age
RankedLock teamsTeams togetherTeam positionsShared explorationLock speedFull tech treeHidden civsTurbo modeCheats
Victory
Defeat
🇬🇧 Romans · United Kingdom
1111
+15
🇦🇺 Poles · Australia
1092
-15
pacifistMitten
1:01 Loom
11:43 Feudal Age
12:31 Double-Bit Axe
12:27 Horse Collar
16:19 Town Watch
17:40 Man-at-Arms
21:18 Castle Age
23:21 Bow Saw
23:12 Heavy Plow
Alan
8:01 Loom
10:27 Feudal Age
15:47 Castle Age
13:50 Man-at-Arms
15:16 Double-Bit Axe
15:13 Horse Collar
17:13 Long Swordsman
19:15 Scale Mail Armor
20:34 Squires
20:23 Town Watch
Connection lost

Rejoining the realm…

Still unreachable

The connection could not be restored.

Session expired

The server has moved on; the page needs a fresh start.